Map: Ruins of Seras

Players

Holdhad

  • Race: Protoss Protoss
  • League: Silver

SticklerMac - Winner!

  • Race: Zerg Zerg
  • League: Bronze

VOD

Have the link to the VOD?

Description

Time

  • Played on: Aug. 10, 2015, 8:13 p.m.
  • Length: 10:26
Show
View Real Time Build Order
Export as new Build Order

Holdhad Protoss 

Build Orders: Nexus First 

Get SALT Encoding   

  12  0:01  Probe  
  13  0:15  Pylon  
  13  0:17  Probe  
  14  0:33  Probe (Chrono Boost)  
  16  0:43  Probe (Chrono Boost)  
  16  0:50  Probe  
  17  1:00  Nexus  
  17  1:05  Probe (Chrono Boost)  
  18  1:13  Pylon  
  18  1:17  Probe (Chrono Boost)  
  20  1:26  Probe (Chrono Boost)  
  20  1:35  Gateway  
  20  1:36  Forge  
  20  1:41  Assimilator  
  20  1:48  Probe (Chrono Boost)  
  20  1:49  Assimilator  
  21  1:58  Probe (Chrono Boost)  
  22  2:05  Probe  
  23  2:09  Pylon  
  23  2:11  Photon Cannon  
  23  2:24  Cybernetics Core  
  23  2:32  Gateway  
  23  2:38  Probe  
  23  2:44  Probe  
  25  2:50  Probe  
  26  2:51  Protoss Ground Weapons Level 1 (Chrono Boost)  
  26  2:53  Warp Gate (Chrono Boost)  
  26  3:08  Mothership Core  
  28  3:15  Zealot  
  32  3:20  Zealot  
  32  3:30  Probe (Chrono Boost)  
  33  3:35  Probe (Chrono Boost)  
  34  3:47  Probe (Chrono Boost)  
  36  3:48  Probe (Chrono Boost)  
  36  3:50  Pylon  
  36  3:52  Photon Cannon  
  36  3:54  Probe (Chrono Boost)  
  36  3:55  Probe (Chrono Boost)  
  38  3:56  Zealot  
  40  4:03  Gateway  
  40  4:06  Probe  
  41  4:12  Gateway  
  41  4:23  Assimilator  
  41  4:29  Pylon  
  41  4:33  Protoss Ground Armor Level 1 (Chrono Boost)  
  41  4:46  Pylon  
  41  4:50  Stalker x2  
  45  4:53  Probe x2  
  47  5:05  Probe x2  
  49  5:09  Adept, Assimilator  
  49  5:10  Adept  
  53  5:14  Adept x2  
  53  5:43  Adept x2  
  53  5:44  Adept x2  
  47  6:12  Probe x2  
  47  6:15  Twilight Council  
  47  6:16  Gateway  
  49  6:19  Robotics Facility  
  49  6:24  Probe x2  
  49  6:27  Zealot x4  
  57  6:36  Probe x2  
  59  6:48  Probe  
  59  6:49  Stalker  
  59  6:50  Stalker x2  
  59  6:51  Stalker  
  64  7:08  Immortal (Chrono Boost)  
  62  7:09  Charge (Chrono Boost)  
  62  7:14  Pylon  
  62  7:25  Stalker x2  
  62  7:26  Stalker x3  
  71  7:44  Probe x2  
  73  7:51  Zealot  
  75  7:56  Probe, Nexus  
  72  7:59  Assimilator  
  72  8:02  Assimilator  
  70  8:06  Pylon  
  70  8:08  Observer (Chrono Boost)  
  70  8:09  Pylon  
  71  8:23  Zealot x2  
  71  8:24  Zealot x3  
  61  8:34  Immortal (Chrono Boost)  
  65  8:45  Zealot x3  
  65  8:46  Zealot x2  
  63  9:01  Immortal (Chrono Boost)  
  67  9:04  Probe x2  
  67  9:09  Robotics Facility  
  69  9:16  Probe x2  
  71  9:19  Dark Shrine, Zealot x2  
  75  9:25  Pylon  
  75  9:26  Pylon  
  75  9:28  Pylon  
  75  9:34  Photon Cannon  
  75  9:37  Photon Cannon  
  74  9:43  Immortal  
  78  9:47  Zealot  
  78  9:48  Zealot x4  
  64  10:09  Zealot x4  
Show
View Real Time Build Order
Export as new Build Order

SticklerMac Zerg - Winner!

Build Orders: Hatch First 

Get SALT Encoding   

  12  0:01  Drone  
  13  0:08  Drone  
  14  0:17  Overlord  
  14  0:35  Drone x3  
  17  0:46  Drone  
  18  1:00  Hatchery  
  18  1:04  Drone  
  18  1:08  Drone, Extractor  
  18  1:21  Drone, Spawning Pool  
  18  1:31  Drone  
  19  1:41  Drone  
  20  1:52  Overlord  
  20  2:04  Drone  
  21  2:17  Roach Warren  
  21  2:19  Drone x2  
  22  2:25  Drone x2  
  24  2:32  Extractor  
  24  2:33  Evolution Chamber, Drone  
  24  2:37  Drone  
  24  2:38  Extractor  
  24  2:44  Spore Crawler  
  22  2:45  Spore Crawler  
  22  2:48  Spore Crawler  
  22  2:49  Spore Crawler  
  22  2:51  Drone x2  
  21  2:58  Lair  
  21  3:10  Drone x3  
  21  3:11  Drone  
  25  3:19  Queen  
  27  3:32  Drone x3  
  32  3:55  Roach  
  32  3:56  Overlord, Roach x2  
  32  4:02  Zerg Missile Weapons Level 1  
  36  4:04  Glial Reconstitution  
  36  4:14  Queen  
  36  4:16  Drone  
  39  4:19  Drone  
  39  4:21  Drone  
  41  4:25  Drone  
  41  4:28  Drone  
  43  4:33  Overlord  
  43  4:36  Drone  
  44  4:45  Overlord  
  44  4:46  Overlord  
  44  4:50  Overlord  
  44  4:53  Drone  
  44  4:55  Drone  
  44  4:57  Drone  
  47  5:01  Overlord  
  47  5:08  Drone x2  
  47  5:09  Drone  
  47  5:10  Drone  
  47  5:13  Drone  
  52  5:15  Roach  
  56  5:21  Roach  
  56  5:32  Roach x5  
  62  5:37  Roach  
  62  5:38  Roach  
  62  5:40  Roach  
  68  5:42  Roach  
  67  5:50  Roach x2  
  67  5:56  Roach  
  71  6:01  Zerg Missile Weapons Level 2  
  71  6:02  Roach  
  73  6:06  Drone  
  73  6:09  Roach x2  
  76  6:20  Overlord x4  
  76  6:21  Overlord  
  76  6:38  Tunneling Claws  
  76  6:42  Burrow  
  76  6:43  Zergling x2  
  76  6:44  Roach  
  76  6:45  Roach x4  
  87  6:52  Overseer  
  87  7:00  Roach x6  
  97  7:07  Roach x3  
  99  7:12  Roach  
  99  7:15  Roach x2  
  105  7:26  Roach x2  
  107  7:33  Roach  
  109  7:38  Roach  
  109  7:42  Overlord  
  97  8:01  Roach x21  
  97  8:02  Roach x5  
  97  8:03  Roach x3  
  97  8:05  Roach  
  113  8:16  Roach x2  
  113  8:17  Drone  
  116  8:23  Overlord x3  
  116  8:24  Overlord x3  
  114  8:38  Roach  
  116  8:44  Roach x2  
  116  8:49  Roach  
  112  8:58  Roach x2  
  116  9:06  Hatchery  
  115  9:15  Overseer  
  115  9:16  Roach x2  
  119  9:17  Roach x35  
  119  9:27  Roach x2  
  119  9:28  Roach x8  
  139  9:38  Ravager  
  139  9:39  Ravager x6  
  139  9:40  Ravager x4  
  139  9:43  Zergling x6  
Tags
 
Add a new tag
Caveats
  • Supply blocks, unpowered buildings, or Contaminate may cause inaccurate times.
  • Supply counts are checked every 10 seconds.